 Dungeon Crawl Stone Soup version 0.28.0 (webtiles) character file.

Game seed: 7730463379848300735

2732 RighteousDevil the Spear-Bearer (level 9, -1/68 HPs)
             Began as a Merfolk Gladiator on Feb 10, 2022.
             Was a Believer of the Shining One.
             Slain by a wyvern zombie (10 damage)
             ... on level 7 of the Dungeon.
             The game lasted 00:17:49 (8892 turns).

RighteousDevil the Spear-Bearer (Merfolk Gladiator) Turns: 8892, Time: 00:17:50

Health: -1/68      AC:  8    Str: 17    XL:     9   Next: 67%
Magic:  13/13      EV: 12    Int:  9    God:    the Shining One [**....]
Gold:   256        SH:  8    Dex: 15    Spells: 14/14 levels left

rFire   . . .      SeeInvis .   a - +0 trident
rCold   . . .      Faith    +   (no shield)
rNeg    + + .      Spirit   .   B - +0 scale mail
rPois   .          Reflect  .   c - +0 helmet
rElec   .          Harm     .   (no cloak)
rCorr   .          Rampage  .   h - +0 pair of gloves
Will    +....                   (no boots)
Stlth   ..........              r - amulet of faith
HPRegen 0.21/turn               f - ring of willpower
MPRegen 0.13/turn               d - ring of positive energy

@: divinely shielded, glowing
A: (nimble swimmer 2), mertail
a: Renounce Religion, Divine Shield


You were on level 7 of the Dungeon.
You worshipped the Shining One.
The Shining One was pleased with you.
You visited 2 branches of the dungeon, and saw 8 of its levels.

You collected 256 gold pieces.

Inventory:

Hand Weapons
 a - a +0 trident (weapon)
 b - the +3 long sword "Jeong" {flame, +Blink rCorr Dex-2}
   (You found it on level 3 of the Dungeon)

   It burns those it strikes, dealing additional fire damage.
   Big, fiery blades are also staple armaments of hydra-hunters.
   Dex:       It affects your dexterity (-2).
   +Blink:    It lets you blink.
   rCorr:     It protects you from acid and corrosion.
 z - a +0 demon blade of freezing
Missiles
 u - 3 javelins (quivered)
Armour
 c - a +0 helmet (worn)
 h - a +0 pair of gloves (worn)
 B - a +0 scale mail (worn)
Jewellery
 d - a ring of positive energy (right hand)
 f - a ring of willpower (left hand)
 r - an amulet of faith (around neck)
 x - a ring of willpower
Wands
 i - a wand of flame (25)
 k - a wand of iceblast (8)
 m - a wand of charming (7)
Scrolls
 g - a scroll of enchant weapon {unknown}
 l - a scroll of blinking
 n - 2 scrolls of summoning
 p - 2 scrolls of enchant armour
 s - a scroll of teleportation
 y - 2 scrolls of fear
 A - a scroll of immolation
Potions
 e - a potion of mutation
 j - a potion of magic {unknown}
 o - 2 potions of lignification
 t - a potion of resistance {unknown}
 v - 2 potions of might {unknown}
 w - a potion of haste {unknown}


   Skills:
 - Level 5.0 Fighting
 + Level 2.7 Long Blades
 - Level 14.0 Polearms
 - Level 2.0 Throwing
 - Level 6.1 Dodging
 + Level 3.0 Spellcasting
 + Level 5.3 Invocations


You had 14 spell levels left.
You didn't know any spells.
Your spell library contained the following spells:

 Spells                   Type           Power      Damage    Failure   Level
 Sandblast                Erth           2%         2d4       73%         1
 Sting                    Tmut/Pois      4%         1d3       73%         1
 Gell's Gravitas          Tloc           1%         N/A       97%         3
 Ignite Poison            Fire/Tmut/Pois 1%         N/A       97%         3
 Mephitic Cloud           Conj/Pois/Air  1%         N/A       97%         3
 Teleport Other           Tloc           1%         N/A       97%         3
 Petrify                  Tmut/Erth      1%         N/A       100%        4
 Freezing Cloud           Conj/Ice/Air   0%         6-21      100%        5
 Dispersal                Tloc           0%         N/A       100%        6
 Shatter                  Erth           0%         3d5*      100%        9


Dungeon Overview and Level Annotations

Branches:
Dungeon (7/15)             Temple (1/1) D:6

Altars:
Ashenzari
Cheibriados
Dithmenos
Elyvilon
Fedhas
Gozag
Hepliaklqana
Kikubaaqudgha
Makhleb
Okawaru
Qazlal
Ru
Sif Muna
Trog
Uskayaw
Vehumet
Wu Jian
Xom
Yredelemnul
Zin
The Shining One

Shops:
D:2 [


Innate Abilities, Weirdness & Mutations

((You are very nimble when in or above water. (Stealth+, EV+, Speed+++)))
Your lower body shifts to a powerful aquatic tail in water.


Message History

Okay, then.
You puncture the scorpion!
The scorpion is severely wounded.
The scorpion stings you.
* * * LOW HITPOINT WARNING * * *
You are poisoned.
The scorpion poisons you!
You puncture the scorpion!
You kill the scorpion!
You feel sick.
You start resting.
You feel sick. x7
You are no longer poisoned.
You start resting.
A wyvern zombie comes into view.
A wyvern zombie is nearby!
You see here a +0 short sword.
Things that are here:
a +0 shortbow; 23 arrows; a centaur skeleton The wyvern zombie bites you but does no damage.
You see here a +0 chain mail.
You block the wyvern zombie's attack.
You hit the wyvern zombie but do no damage.
The wyvern zombie barely misses you.
You hit the wyvern zombie.
The wyvern zombie is lightly damaged.
The wyvern zombie closely misses you.
You hit the wyvern zombie.
The wyvern zombie is moderately damaged.
The wyvern zombie bites you.
* * * LOW HITPOINT WARNING * * *
Okay, then.
You hit the wyvern zombie but do no damage.
The wyvern zombie is moderately damaged.
You block the wyvern zombie's attack.
You puncture the wyvern zombie!
The wyvern zombie is heavily damaged.
You hit the wyvern zombie but do no damage.
The wyvern zombie is heavily damaged.
The wyvern zombie bites you!
You die...

#. #. ## #.
##.# #. #.#.#
#.## #.#.##
#..# #)#.##
#.##### #)#.##
#.....## #.#.#
#.##..@##
##Z#.
#.###.#Z##
##.# #.#
##.#.## ##.
#.#####.#.##
##
#.....##.#.##
##.
######.##.#.##
##.#
#.###.#[##
##.#. #.#
##.#.## ##)#.#
#.#
##.#.###.#.##


You could see a wyvern zombie.

Vanquished Creatures
  Sigmund (D:2)
  Menkaure (D:6)
  2 orc warriors (D:7)
  2 sky beasts
  A black bear (D:5)
  An ice beast (D:6)
  4 ogres
  2 centaurs
  A phantom (D:7)
  Blork the orc (D:6)
  2 scorpions
  2 bullfrogs
  A wyvern zombie (D:4)
  A jelly (D:6)
  A howler monkey (D:6)
  2 hounds (D:5)
  3 orc priests
  A bullfrog skeleton (D:6)
  3 centaur zombies
  2 centaur skeletons
  2 iguanas
  A scorpion zombie (D:5)
  Natasha (thrice) (D:4)
  An orc wizard (D:3)
  A hound zombie (D:5)
  8 gnolls
  9 adders
  2 shadow imps
  2 white imps (D:6)
  An ufetubus (D:5)
  A worm (D:3)
  12 dart slugs
  19 orcs
  8 endoplasms
  4 giant cockroaches
  16 goblins
  14 hobgoblins
  4 kobolds (D:2)
  2 quokkas
  9 ball pythons
  3 bats
  A frilled lizard (D:1)
  4 rats
161 creatures vanquished.

Vanquished Creatures (others)
  An orc wizard (D:3)
  A goblin (D:3)
2 creatures vanquished.

Grand Total: 163 creatures vanquished

Notes
Turn   | Place    | Note
-------+----------+-------------------------------------------
     0 | D:1      | RighteousDevil the Merfolk Gladiator began the quest for
                  | the Orb.
     0 | D:1      | Reached XP level 1. HP: 16/16 MP: 1/1
   152 | D:1      | Reached skill level 5 in Polearms
   176 | D:1      | Reached XP level 2. HP: 8/22 MP: 2/2
   446 | D:1      | Found a faded altar of an unknown god.
   457 | D:1      | Reached skill level 6 in Polearms
   457 | D:1      | Reached XP level 3. HP: 18/27 MP: 3/3
   565 | D:1      | Prayed at the altar of an unknown god.
   565 | D:1      | Became a worshipper of Elyvilon the Healer
   565 | D:1      | Reached * piety under Elyvilon
  1303 | D:2      | Reached XP level 4. HP: 26/33 MP: 4/4
  1355 | D:2      | Reached skill level 7 in Polearms
  1951 | D:2      | Reached ** piety under Elyvilon
  2112 | D:2      | Noticed Sigmund
  2140 | D:2      | Killed Sigmund
  2141 | D:2      | Reached skill level 9 in Polearms
  2141 | D:2      | Reached XP level 5. HP: 3/38 MP: 5/5
  2141 | D:2      | Reached XP level 6. HP: 3/44 MP: 6/6
  2505 | D:2      | Found Heaxorchoudd's Antique Armour Shoppe.
  2689 | D:3      | Identified the +3 long sword "Jeong" {flame, +Blink rCorr
                  | Dex-2}
  2820 | D:3      | Reached skill level 10 in Polearms
  3842 | D:4      | Reached *** piety under Elyvilon
  4006 | D:4      | Noticed Natasha
  4009 | D:4      | Killed Natasha
  4010 | D:4      | Reached skill level 11 in Polearms
  4010 | D:4      | Reached XP level 7. HP: 50/50 MP: 7/7
  4232 | D:4      | Noticed Natasha
  4236 | D:4      | Killed Natasha
  4244 | D:4      | Noticed Natasha
  4250 | D:4      | Killed Natasha
  4666 | D:4      | Reached skill level 12 in Polearms
  5228 | D:5      | Entered Level 5 of the Dungeon
  5371 | D:5      | Reached **** piety under Elyvilon
  5674 | D:5      | Reached skill level 13 in Polearms
  5674 | D:5      | Reached XP level 8. HP: 45/56 MP: 8/8
  6065 | D:5      | Reached skill level 14 in Polearms
  6287 | D:5      | Reached skill level 1 in Invocations
  6507 | D:5      | Identified the +7 dagger of the Spider {vorpal, rN+ Dex+4}
  6674 | D:5      | Reached skill level 5 in Dodging
  6737 | D:6      | Found a staircase to the Ecumenical Temple.
  6916 | D:6      | Reached XP level 9. HP: 49/65 MP: 11/11
  7053 | D:6      | Noticed Blork the orc
  7068 | D:6      | Killed Blork the orc
  7291 | D:6      | Reached skill level 1 in Spellcasting
  7299 | D:6      | Noticed Menkaure
  7305 | D:6      | Killed Menkaure
  7445 | D:6      | Reached skill level 5 in Fighting
  7460 | D:6      | Got the Reference Book on Clay and Venom
  7563 | D:6      | Reached ***** piety under Elyvilon
  7847 | Temple   | Entered the Ecumenical Temple
  7875 | Temple   | Fell from the grace of Elyvilon
  7875 | Temple   | Became a worshipper of the Shining One
  7875 | Temple   | Reached * piety under the Shining One
  7875 | Temple   | Reached ** piety under the Shining One
  8517 | D:7      | Reached skill level 1 in Long Blades
  8841 | D:7      | Reached skill level 5 in Invocations
  8892 | D:7      | Slain by a wyvern zombie

Illustrated notes

Levels and vault maps discovered:
D:1:      lightli_arrival_boilingwater, layout_loops_ring,
          basic_ecumenical_altar
D:2:      minmay_alternating_diamond, layout_loops_ring, serial_shops, shop,
          uniq_sigmund
D:3:      kennysheep_slugbush, layout_basic, st_stairs_1, minmay_goblin_outpost
D:4:      layout_basic, solitary_fountain, chequers_serial_rivers_room_b,
          uniq_natasha
D:5:      layout_loops_ring, nrook_mini_backslash
D:6:      layout_gridville, temple_statues, st_stairs_11, fountainhead,
          minivault_26, grunt_ministairs_4, uniq_menkaure, uniq_blork_the_orc
D:7:      minmay_inner_zag, layout_loops_ring, minmay_misc_feat_chi, uniq_maggie
Temple:   mainiacjoe_temple_hex_bubbles

Skill      XL: |  1  2  3  4  5  6  7  8  9 |
---------------+----------------------------+-----
Polearms       | 5 6 9 11 13 14 | 14.0
Invocations    | 3 5 |  5.3
Fighting       | 4 5 |  5.0
Dodging        | 6 |  6.1
Spellcasting   | 3 |  3.0
Long Blades    | 2 |  2.7
Throwing       | |  2.0

Action                   |  1- 3 |  4- 6 |  7- 9 || total
-------------------------+-------+-------+-------++-------
Melee: Trident           |    90 |   223 |   366 ||   679
       Punch             |     1 |     1 |     2 ||     4
       Tailslap          |       |     3 |       ||     3
Throw: Throwing net      |     1 |     2 |     1 ||     4
       Javelin           |       |       |     1 ||     1
Invok: Divine Shield     |       |       |     1 ||     1
Evoke: Wand              |       |       |     3 ||     3
  Use: Scroll            |     4 |     1 |     5 ||    10
       Potion            |       |     2 |       ||     2
 Stab: Held in net/web   |     2 |     3 |       ||     5
       Sleeping          |     1 |     3 |     1 ||     5
Armor: Leather armour    |    16 |    40 |    42 ||    98
       Skin              |       |     9 |       ||     9
       Scale mail        |       |       |    10 ||    10
Dodge: Dodged            |    42 |   101 |   124 ||   267
Block: Other             |       |       |     3 ||     3
